 Dungeon Crawl Stone Soup version 0.31-a0-1338-gb567cfdca4 (console) character file.

Game seed: 13981398061533605648

4716 jejorda2 the Cleaver (level 10, -4/78 (82) HPs)
             Began as a Gnoll Berserker on Dec 22, 2023.
             Was an Elder of Trog.
             Slain by a two-headed ogre
             ... wielding a +0 dire flail
              (5 damage)
             ... on level 8 of the Dungeon.
             The game lasted 00:18:47 (6369 turns).

jejorda2 the Cleaver (Gnoll Berserker)              Turns: 6369, Time: 00:18:47

HP:   -4/78 (82)    AC: 15    Str: 21    XL:     10   Next: 45%
MP:   0/18          EV:  8    Int:  6    God:    Trog [****..]
Gold: 45            SH:  5    Dex: 12    Spells: 20/20 levels left

rFire   . . .        a - +2 war axe (venom)
rCold   . . .        C - +0 buckler
rNeg    . . .        q - +0 plate armour
rPois   +            G - +1 helmet
rElec   .            (no cloak)
rCorr   .            (no gloves)
SInv    .            (no boots)
Will    .....        w - amulet of guardian spirit Stlth
                     h - ring of flight
HPRegen 0.33/turn    J - ring of poison resistance
MPRegen 0.16/turn

%: guardian spirit
@: on berserk cooldown, flying, slowed, lightly drained, invisible, very slow
A: fangs 1, strong nose, distributed training
a: Renounce Religion, Berserk, Trog's Hand, Brothers in Arms


You were on level 8 of the Dungeon.
You worshipped Trog.
Trog was greatly pleased with you.
You visited 1 branch of the dungeon, and saw 8 of its levels.

You collected 424 gold pieces.
You spent 379 gold pieces at shops.

Inventory:

Hand Weapons
 a - a +2 war axe of venom (weapon)
 b - a +4 trident
 B - a +0 morningstar
Missiles
 s - 5 boomerangs
 y - 5 poisoned darts
 D - 3 atropa-tipped darts
Armour
 q - a +0 plate armour (worn)
 u - a +0 chain mail of cold resistance
 C - a +0 buckler (worn)
 G - a +1 helmet (worn)
Jewellery
 h - a ring of flight (left hand)
 w - an amulet of guardian spirit (around neck)
 J - a ring of poison resistance (right hand)
Wands
 r - a wand of charming (17)
 t - a wand of flame (37)
 v - a wand of quicksilver (15)
 E - a wand of iceblast (3)
 I - a wand of digging (3)
Scrolls
 c - 5 scrolls of teleportation
 d - a scroll of revelation
 e - 6 scrolls of identify
 k - 3 scrolls of fog
 n - 2 scrolls of immolation
 p - 2 scrolls of poison
Potions
 f - 2 potions of curing
 i - a potion of might {unknown}
 j - 3 potions of haste {unknown}
 o - a potion of brilliance {unknown}
 z - 3 potions of heal wounds {unknown}
 A - 2 potions of cancellation {unknown}
 F - 2 potions of degeneration {unknown}
 H - a potion of mutation {unknown}


   Skills:
 + Level 8.6 Fighting
 + Level 5.5 Short Blades
 + Level 5.5 Long Blades
 + Level 8.6 Axes
 + Level 5.5 Maces & Flails
 + Level 5.5 Polearms
 + Level 5.5 Staves
 + Level 5.5 Ranged Weapons
 + Level 5.5 Throwing
 + Level 7.2 Armour
 + Level 7.2 Dodging
 + Level 5.5 Stealth
 + Level 5.5 Shields
 + Level 5.5 Unarmed Combat
 + Level 5.5 Spellcasting
 + Level 4.5 Conjurations
 + Level 4.5 Hexes
 + Level 4.5 Summonings
 + Level 4.5 Necromancy
 + Level 4.5 Translocations
 + Level 4.5 Fire Magic
 + Level 4.5 Ice Magic
 + Level 4.5 Air Magic
 + Level 4.5 Earth Magic
 + Level 4.5 Alchemy
 + Level 6.0 Invocations
 + Level 5.5 Evocations
 + Level 5.0 Shapeshifting


You had 20 spell levels left.
You didn't know any spells.
Your spell library was empty.

Dungeon Overview and Level Annotations

Branches:
Dungeon (8/15)             Temple (0/1) D:6
   Lair: D:8-11

Altars:
Dithmenos
Fedhas
Hepliaklqana
Makhleb
Sif Muna
Trog
Vehumet
Wu Jian
Xom
Zin
The Shining One

Shops:
D:1 ?   D:6 =(


Innate Abilities, Weirdness & Mutations

You have very sharp teeth.
Your uncanny sense of smell can sniff out nearby items.
Your experience applies equally to all skills.


Message History

The two-headed ogre looks as sick as possible!
You bite the two-headed ogre, but do no damage.
The two-headed ogre is moderately wounded.
The gnoll misses you.
The two-headed ogre hits you with a +0 dire flail!!
* * * LOW HITPOINT WARNING * * *
The two-headed ogre hits you with a +0 giant club.
* * * LOW HITPOINT WARNING * * *
The gnoll hits you from afar with a +0 spear.
* * * LOW HITPOINT WARNING * * *
Unknown command.
As you read the scroll of butterflies, it crumbles to dust.
You hear the flapping of tiny wings.
The hornet is knocked back by the sudden gust.
The kobold is knocked back by the sudden gust.
The gnoll is knocked back by the sudden gust.
The two-headed ogre is knocked back by the sudden gust.
The gnoll barely misses you.
Unknown command.
You swap places.
The two-headed ogre misses your butterfly.
The two-headed ogre hits your butterfly with a +0 giant club!
Your butterfly dies!
Your butterfly disappears in a burst of colours!
Something misses your butterfly. Something hits your butterfly.
Your butterfly dies!
Your butterfly disappears in a burst of colours!
You swap places.
Found an escape hatch in the ceiling.
The two-headed ogre attacks as it pursues you!
The two-headed ogre hits you with a +0 dire flail!
* * * LOW HITPOINT WARNING * * *
The two-headed ogre hits you with a +0 giant club!
* * * LOW HITPOINT WARNING * * *
The gnoll attacks as it pursues you! The gnoll barely misses you. x2
Okay, then.
You fade into invisibility!
The kobold throws a stone.
The stone hits the two-headed ogre but does no damage.
The two-headed ogre hits you with a +0 dire flail.
You die...

##,.##,,*###*..##...# ****
#*,.#,,*,....#..#...# **,,**
.,,,*,,,,....KgK#..## *,,,,**
,*,**,,,*##*#KyO##.# *,,,,,*
,*,*,****...####.#.# *,,,,,**
,,,***,,,......##K.# **,,,,**
*,,,,,,,,#......g..# ****,,,
,,,,*****#......O### ****,,,,,,
,,,,,,,,,.....b.@.#*****,,,,,,,,,
,,,,***,,..........#*,,,,∆,,,,,**
,,,** **,........<....,,,,,,,,**
,,**** **...b.....b.....,,,,***
,*,,,* *#..............,,***
,,,,,* #..............,** ,,,,,*
#.............#** ,,,***
#.............# ****
******,,,,,****


You could see a two-headed ogre (unable to see you, very poisoned, ally target),
a gnoll (unable to see you) and a kobold (unable to see you).

Vanquished Creatures
  2 hornets (D:8)
  A wyvern (D:8)
  Sigmund (D:5)
  A vampire mosquito (D:8)
  Menkaure (D:5)
  3 water moccasins
  An ice beast (D:6)
  A hornet zombie (D:6)
  A black bear (D:5)
  2 ogres
  2 orc warriors
  2 phantoms (D:6)
  3 centaurs (D:8)
  3 kobold brigands (D:8)
  2 bullfrogs
  A gnoll sergeant (D:5)
  A scorpion (D:7)
  A water moccasin zombie (D:6)
  A wyvern zombie (D:6)
  3 wights (D:7)
  A wyvern skeleton (D:6)
  3 killer bees (D:8)
  3 howler monkeys
  A centaur zombie (D:6)
  5 crimson imps (D:6)
  4 bullfrog zombies (D:6)
  4 jellies
  2 orc priests (D:5)
  A bullfrog skeleton (D:6)
  3 hounds
  A gnoll bouda (D:7)
  5 iguanas
  A sleepcap (D:7)
  2 orc wizards (D:4)
  2 killer bee zombies (D:6)
  6 adders
  26 gnolls
  2 howler monkey skeletons (D:6)
  2 shadow imps (D:6)
  2 bombardier beetles (D:5)
  4 white imps
  4 worms
  5 dart slugs
  9 orcs
  13 ball pythons
  3 endoplasms
  3 giant cockroaches
  7 goblins
  7 hobgoblins
  6 jackals
  4 quokkas
  A bat (D:1)
  4 frilled lizards
  16 kobolds
  5 rats
200 creatures vanquished.

Notes
Turn   | Place    | Note
-------+----------+-------------------------------------------
     0 | D:1      | jejorda2 the Gnoll Berserker began the quest for the Orb.
     0 | D:1      | Reached XP level 1. HP: 23/23 MP: 1/1
   173 | D:1      | Reached XP level 2. HP: 29/29 MP: 2/2
   428 | D:1      | Reached XP level 3. HP: 34/35 MP: 3/3
   445 | D:1      | Reached ** piety under Trog
   536 | D:1      | Found Domuucon's Magic Scroll Boutique.
   551 | D:1      | Bought a scroll of teleportation for 33 gold pieces
   858 | D:2      | Reached skill level 1 in Invocations
   955 | D:2      | Reached skill level 1 in Short Blades
   955 | D:2      | Reached skill level 1 in Long Blades
   955 | D:2      | Reached skill level 1 in Maces & Flails
   955 | D:2      | Reached skill level 1 in Polearms
   955 | D:2      | Reached skill level 1 in Staves
   955 | D:2      | Reached skill level 1 in Ranged Weapons
   955 | D:2      | Reached skill level 1 in Throwing
   955 | D:2      | Reached skill level 1 in Stealth
   955 | D:2      | Reached skill level 1 in Shields
   955 | D:2      | Reached skill level 1 in Unarmed Combat
   955 | D:2      | Reached skill level 1 in Spellcasting
   955 | D:2      | Reached skill level 1 in Evocations
  1112 | D:1      | Bought a scroll of identify for 22 gold pieces
  1277 | D:2      | Reached skill level 1 in Shapeshifting
  1277 | D:2      | Reached XP level 4. HP: 35/41 MP: 5/5
  1357 | D:2      | Reached skill level 1 in Conjurations
  1357 | D:2      | Reached skill level 1 in Hexes
  1357 | D:2      | Reached skill level 1 in Summonings
  1357 | D:2      | Reached skill level 1 in Necromancy
  1357 | D:2      | Reached skill level 1 in Translocations
  1357 | D:2      | Reached skill level 1 in Fire Magic
  1357 | D:2      | Reached skill level 1 in Ice Magic
  1357 | D:2      | Reached skill level 1 in Air Magic
  1357 | D:2      | Reached skill level 1 in Earth Magic
  1357 | D:2      | Reached skill level 1 in Alchemy
  1418 | D:1      | Bought a scroll of butterflies for 44 gold pieces
  1768 | D:3      | Reached XP level 5. HP: 47/47 MP: 7/7
  1898 | D:3      | Reached *** piety under Trog
  2336 | D:4      | Reached XP level 6. HP: 42/53 MP: 8/8
  2530 | D:4      | Reached skill level 5 in Armour
  2530 | D:4      | Reached skill level 5 in Dodging
  2700 | D:4      | Found a burning altar of Makhleb.
  2735 | D:4      | Found a glowing silver altar of Zin.
  2736 | D:4      | Found a blossoming altar of Fedhas.
  2737 | D:4      | Found an ornate altar of the Wu Jian Council.
  2833 | D:4      | Reached XP level 7. HP: 56/60 MP: 10/10
  2849 | D:4      | Found a shimmering blue altar of Sif Muna.
  2924 | D:4      | Found a radiant altar of Vehumet.
  2924 | D:4      | Found a glowing golden altar of the Shining One.
  2926 | D:4      | Found a hazy altar of Hepliaklqana.
  2926 | D:4      | Found a bloodstained altar of Trog.
  2928 | D:4      | Found a shadowy altar of Dithmenos.
  3055 | D:5      | Entered Level 5 of the Dungeon
  3556 | D:5      | Noticed Sigmund
  3565 | D:5      | Killed Sigmund
  3566 | D:5      | Reached XP level 8. HP: 67/67 MP: 12/12
  4038 | D:5      | Noticed Menkaure
  4046 | D:5      | Killed Menkaure
  4073 | D:5      | HP: 3/67 [gnoll sergeant/+4 trident (7)]
  4525 | D:5      | Found a shimmering altar of Xom.
  4763 | D:6      | Found Sejec's Antique Weapon Shoppe.
  4777 | D:6      | Reached XP level 9. HP: 73/73 MP: 11/14
  5005 | D:6      | Found Wiqufom's Jewellery Emporium.
  5028 | D:6      | Reached skill level 5 in Invocations
  5066 | D:6      | Reached **** piety under Trog
  5099 | D:6      | Found a staircase to the Ecumenical Temple.
  5596 | D:7      | Identified the +4 hand axe "Jyuce Xywupp" {freeze, Will++
                  | MP-9 Int-5}
  5872 | D:7      | Reached skill level 5 in Short Blades
  5872 | D:7      | Reached skill level 5 in Long Blades
  5872 | D:7      | Reached skill level 5 in Maces & Flails
  5872 | D:7      | Reached skill level 5 in Polearms
  5872 | D:7      | Reached skill level 5 in Staves
  5872 | D:7      | Reached skill level 5 in Ranged Weapons
  5872 | D:7      | Reached skill level 5 in Throwing
  5872 | D:7      | Reached skill level 5 in Stealth
  5872 | D:7      | Reached skill level 5 in Shields
  5872 | D:7      | Reached skill level 5 in Unarmed Combat
  5872 | D:7      | Reached skill level 5 in Spellcasting
  5872 | D:7      | Reached skill level 5 in Evocations
  5872 | D:7      | Reached XP level 10. HP: 81/81 MP: 17/17
  5965 | D:8      | Paralysed by a hornet for 2 turns
  6043 | D:6      | Bought a ring of poison resistance for 280 gold pieces
  6354 | D:8      | Reached skill level 5 in Shapeshifting
  6359 | D:8      | Noticed a two-headed ogre
  6368 | D:8      | HP: 1/78 [two-headed ogre/+0 dire flail (11)]
  6369 | D:8      | Slain by a two-headed ogre

Illustrated notes

Levels and vault maps discovered:
D:1:      amcnicky_arrival_underground_garden, layout_basic, serial_shops,
          nicolae_shop_window_shopping
D:2:      layout_basic
D:3:      layout_rooms
D:4:      layout_rooms, grunt_temple_overflow_open, general_overflow_altar,
          kennysheep_orc_sif_temple, kennysheep_cluttered_room
D:5:      layout_basic, nicolae_overflow_hidden_temple, serial_corexii_hall,
          corexii_hall_statues_l, corexii_hall_statues_x, minmay_bent,
          uniq_sigmund, uniq_menkaure
D:6:      layout_cave_pools, temple_pool_b, serial_undead, serial_undead_d,
          serial_undead_c, serial_undead_a, serial_undead_d, serial_undead_f,
          serial_undead_f, serial_shops, kennysheep_little_box,
          nicolae_shop_temple_entry_statues_fountains, minmay_nine_imps
D:7:      layout_cave_pools
D:8:      layout_cave_pods, overflow_temple_1_default, minmay_pinched_square

Skill      XL: |  1  2  3  4  5  6  7  8  9 10 |
---------------+-------------------------------+-----
Invocations    | 1 2 3 4 5 6 |  6.0
Short Blades   | 1 2 3 5 |  5.5
Long Blades    | 1 2 3 5 |  5.5
Maces & Flails | 1 2 3 5 |  5.5
Polearms       | 1 2 3 5 |  5.5
Staves         | 1 2 3 5 |  5.5
Ranged Weapons | 1 2 3 5 |  5.5
Throwing       | 1 2 3 5 |  5.5
Stealth        | 1 2 3 5 |  5.5
Shields        | 1 2 3 5 |  5.5
Unarmed Combat | 1 2 3 5 |  5.5
Spellcasting   | 1 2 3 5 |  5.5
Evocations     | 1 2 3 5 |  5.5
Shapeshifting  | 1 2 3 4 5 |  5.0
Conjurations   | 1 2 3 4 |  4.5
Hexes          | 1 2 3 4 |  4.5
Summonings     | 1 2 3 4 |  4.5
Necromancy     | 1 2 3 4 |  4.5
Translocations | 1 2 3 4 |  4.5
Fire Magic     | 1 2 3 4 |  4.5
Ice Magic      | 1 2 3 4 |  4.5
Air Magic      | 1 2 3 4 |  4.5
Earth Magic    | 1 2 3 4 |  4.5
Alchemy        | 1 2 3 4 |  4.5
Armour         | 5 6 7 |  7.2
Dodging        | 5 6 7 |  7.2
Fighting       | 7 8 |  8.6
Axes           | 7 8 |  8.6

Action                     |  1- 3 |  4- 6 |  7- 9 | 10-12 || total
---------------------------+-------+-------+-------+-------++-------
  Melee: Hand axe          |   121 |    57 |    12 |       ||   190
         Bite              |    12 |    10 |    27 |    14 ||    63
         Punch             |     4 |     2 |     5 |       ||    11
         Dagger            |       |    63 |     6 |       ||    69
         Morningstar       |       |       |   105 |       ||   105
         Trident           |       |       |    90 |       ||    90
         War axe           |       |       |    83 |    63 ||   146
 Invoke: Berserk           |       |     5 |    11 |     2 ||    18
         Trog's Hand       |       |       |     4 |       ||     4
    Use: Scroll            |     2 |     1 |     1 |     8 ||    12
         Potion            |       |       |       |     1 ||     1
 Armour: Ring mail         |    23 |       |       |       ||    23
         Animal skin       |     1 |       |       |       ||     1
         Scale mail        |    33 |    24 |       |       ||    57
         Plate armour      |       |    68 |   281 |    95 ||   444
  Dodge: Dodged            |    63 |    48 |   109 |    39 ||   259
  Block: Buckler           |       |       |    53 |    13 ||    66

Table legend: (Time is in decaauts)
 A = Elapsed time spent in this place.
 B = Non-inter-level travel time spent in this place.
 C = Inter-level travel time spent in this place.
 D = Time resting spent in this place.
 E = Time spent auto-exploring this place.
 F = Levels seen in this place.
 G = Mean time per level.
                   A        B        C        D        E       F      G
               +--------+--------+--------+--------+--------+-----+--------+
         Total |   6563 |   6074 |    489 |    656 |   3869 |   8 |  820.4 |
       Dungeon |   6563 |   6074 |    489 |    656 |   3869 |   8 |  820.4 |
               +--------+--------+--------+--------+--------+-----+--------+

Top non-repeatable levels by time:
     D:5: 1786 daAuts
     D:1: 1018 daAuts
     D:4: 1000 daAuts
     D:3: 614 daAuts
     D:7: 600 daAuts
     D:6: 598 daAuts
     D:2: 583 daAuts
     D:8: 361 daAuts
